 Dungeon Crawl Stone Soup version 0.23.2-40-g277498a001 (webtiles) character file.

Game seed: 10622651915547996299

135 favus the Ruffian (level 5, 0/46 HPs)
             Began as a Ghoul Berserker on Sept 23, 2019.
             Was a Believer of Trog.
             Slain by Purgy (2 damage)
             ... on level 4 of the Dungeon.
             The game lasted 00:21:34 (2536 turns).

favus the Ruffian (Ghoul Berserker)                 Turns: 2536, Time: 00:21:37

Health: 0/46       AC:  7    Str: 20 (21) XL:     5   Next: 18%
Magic:  4/4        EV: 16    Int:  0 (3)  God:    Trog [**....]
Gold:   143        SH:  0    Dex:  6 (8)  Spells: 4/4 levels left

rFire    . . .     SeeInvis .   p - +0 war axe
rCold    + . .     Gourm    .   (no shield)
rNeg     + + +     Faith    .   t - +0 ring mail
rPois    ∞         Spirit   .   (no helmet)
rElec    .         Reflect  .   n - +1 cloak (curse)
rCorr    .         Harm     .   (no gloves)
MR       .....                  (no boots)
Stlth    ..........             (no amulet)
HPRegen  0.00/turn              l - +5 ring of evasion
MPRegen  0.09/turn              (no ring)

@: rotting, slowed, lost intelligence, very slow
A: rotting body, claws 1, carnivore, cold resistance 1, negative energy
resistance 3, inhibited regeneration, torment resistance, unbreathing
a: Trog's Hand, Renounce Religion


You were on level 4 of the Dungeon.
You worshipped Trog.
Trog was pleased with you.
You were not hungry.

You visited 1 branch of the dungeon, and saw 4 of its levels.

You collected 143 gold pieces.

Inventory:

Hand Weapons
 i - a +0 club
 p - a +0 war axe (weapon)
Missiles
 f - 120 stones (quivered)
Armour
 a - a +0 animal skin
 k - a +2 robe of the Archmagi
 n - a cursed +1 cloak (worn)
 t - a +0 ring mail (worn)
Magical Staves
 s - an uncursed staff of energy {unknown}
Jewellery
 l - a +5 ring of evasion (left claw)
Scrolls
 c - a scroll of fear {unknown}
 e - 2 scrolls of amnesia
 q - 2 scrolls of identify
Potions
 d - a potion of might
 g - 2 potions of curing
 h - 2 potions of haste
Comestibles
 b - 2 rations
 j - 2 chunks of flesh


   Skills:
 + Level 4.0 Fighting
 + Level 1.5 Axes
 + Level 0.7 Throwing
 + Level 2.0 Armour
 + Level 2.6 Dodging
 + Level 4.2 Unarmed Combat


You had 4 spell levels left.
You didn't know any spells.
Your spell library was empty.

Dungeon Overview and Level Annotations

Branches:
Dungeon (4/15)             Temple (0/1) D:4

Altars:
Qazlal

Annotations:
D:4 Pikel, Purgy


Innate Abilities, Weirdness & Mutations

Your body is rotting away.
You thrive on raw meat.
You are immune to poison.
You have sharp fingernails.
You are carnivorous and can eat meat at any time.
Your flesh is cold resistant. (rC+)
You are immune to negative energy. (rN+++)
You do not regenerate when monsters are visible.
You are immune to unholy pain and torment.
You can survive without breathing.


Message History

Purgy barely misses you. Purgy closely misses you.
Purgy claws you but does no damage. Purgy misses you. Purgy barely misses you.
Purgy claws you but does no damage.
You hit Purgy but do no damage.
Purgy is moderately wounded.
Purgy closely misses you. x2; Purgy claws you.
* * * LOW HITPOINT WARNING * * *
Purgy bites you.
* * * LOW HITPOINT WARNING * * *
Purgy barely misses you. Purgy misses you.
You barely miss Purgy.
Purgy is moderately wounded.
Purgy misses you. x2; Purgy barely misses you. x2; Purgy closely misses you. x2
You closely miss Purgy.
Purgy is lightly wounded.
Purgy bites you.
* * * LOW HITPOINT WARNING * * *
Purgy closely misses you. Purgy barely misses you. x2
Purgy closely misses you. Purgy claws you.
You die...

### ##
..####.
..... ...
#T## ##@.#
######8..#
###.......##
#.'...)...#
#.######8..#
#......##..#
###....##'##
#....#...
#....#....


You could see Purgy.

Vanquished Creatures
  A slave (D:4)
  An orc priest (D:4)
  3 gnolls (D:2)
  3 adders (D:3)
  A worm (D:2)
  2 dart slugs
  7 giant cockroaches
  4 goblins
  8 hobgoblins
  2 jackals (D:4)
  3 kobolds (D:2)
  3 bats (D:1)
  2 frilled lizards (D:3)
  3 rats
43 creatures vanquished.

Notes
Turn   | Place    | Note
-------+----------+-------------------------------------------
     0 | D:1      | favus the Ghoul Berserker began the quest for the Orb.
     0 | D:1      | Reached XP level 1. HP: 19/19 MP: 0/0
   505 | D:1      | Reached XP level 2. HP: 26/26 MP: 1/1
   866 | D:2      | Reached XP level 3. HP: 13/33 MP: 2/2
  1169 | D:2      | Found a faded altar of an unknown god.
  1314 | D:2      | Reached ** piety under Trog
  1314 | D:2      | Reached XP level 4. HP: 34/39 MP: 3/3
  2140 | D:4      | Noticed a slave
  2162 | D:4      | Killed a slave
  2357 | D:4      | Found a staircase to the Ecumenical Temple.
  2367 | D:4      | Noticed Pikel
  2368 | D:4      | Noticed a slave
  2368 | D:4      | Noticed a slave
  2368 | D:4      | Noticed a slave
  2406 | D:4      | Lost intelligence.
  2427 | D:4      | Found a stormy altar of Qazlal.
  2478 | D:4      | Reached skill level 1 in Axes
  2478 | D:4      | Reached XP level 5. HP: 28/44 MP: 4/4
  2518 | D:4      | Noticed Purgy
  2536 | D:4      | HP: 2/46 [Purgy (4)]
  2536 | D:4      | Slain by Purgy

Skill      XL: |  1  2  3  4 |
---------------+-------------+-----
Armour         | 2 |  2.0
Dodging        | 2 |  2.6
Fighting       | 4 |  4.0
Unarmed Combat | 4 |  4.2
Axes           | 1 |  1.5
Throwing       | |  0.7

Action                   |  1- 3 |  4- 6 || total
-------------------------+-------+-------++-------
Melee: Unarmed           |    96 |     7 ||   103
       Punch             |     1 |     1 ||     2
       War axe           |       |    72 ||    72
Throw: Stone             |    10 |       ||    10
Invok: Trog's Hand       |       |     2 ||     2
  Use: Scroll            |     2 |     7 ||     9
       Potion            |     1 |     4 ||     5
  Eat: Chunk             |       |     7 ||     7
       Ration            |       |     1 ||     1
Armor: Animal skin       |    19 |       ||    19
       Robe              |     8 |     4 ||    12
       Ring mail         |       |    34 ||    34
Dodge: Dodged            |    73 |   131 ||   204
